APP
OREM OWLZ @ GREAT FALLS VOYAGERS
10/31/2048
 
TOP OF THE 1ST
Bowling Green Hot Rods batting - Pitching for Charleston RiverDogs : RHP Luis Aceves
Pitching: RHP Luis Aceves
Batting: LHB Dan Hunt 0-0: Ball
1-0: Ball
2-0: Foul Ball, location: 2F
2-1: Ball
3-1: Base on Balls
Batting: LHB Kevin Kantor Pickoff Throw to First - Error! E1
Dan Hunt to second
0-0: Called Strike
0-1: Called Strike
0-2: Foul Ball, location: 2F
0-2: Ground out 1-3 (Groundball, 34S, EV 70.6 MPH)
Dan Hunt to third
Batting: LHB Austin Ohmer 0-0: Swinging Strike
0-1: Foul Ball, location: 2F
0-2: Ball
1-2: DOUBLE (Flyball, 9LD, EV 103.8 MPH)
Dan Hunt scores
Batting: RHB Steve French 0-0: Called Strike
Austin Ohmer steals 3rd base
0-1: Swinging Strike
0-2: Ball
1-2: Foul Ball, location: 2F
1-2: Foul Ball, location: 2F
1-2: Ball
2-2: Foul Ball, location: 2F
2-2: Ball
3-2: Ground out 6-3 (Groundball, 6, EV 82.5 MPH)
Austin Ohmer scores
Batting: RHB Wing-kit Bu 0-0: Ball
1-0: Ball
2-0: Ball
3-0: Called Strike
3-1: SOLO HOME RUN (Flyball, 7LD, EV 96.3 MPH), Distance : 369 ft
Batting: RHB Kevin Benfield 0-0: Ball
1-0: Foul Ball, location: 2F
1-1: SINGLE (Groundball, 3D, EV 111.9 MPH)
Batting: RHB Jonathan Fraire 0-0: Ground out U3 (Groundball, 3, EV 85.6 MPH)
Top of the 1st over - 3 runs, 3 hits, 1 error, 1 left on base; Bowling Green 3 - Charleston 0
BOTTOM OF THE 1ST
Charleston RiverDogs batting - Pitching for Bowling Green Hot Rods : RHP Greg Spaulding
Pitching: RHP Greg Spaulding
Batting: RHB Orlando Melchor 0-0: Ball
1-0: Foul Ball, location: 2F
1-1: Ball
2-1: Foul Ball, location: 2F
2-2: Ground out 5-3 (Groundball, 56S, EV 66.9 MPH)
Batting: SHB Justin Toth 0-0: Ground out 4-3 (Groundball, 34, EV 88.1 MPH)
Batting: RHB Andres Valles 0-0: Swinging Strike
0-1: Swinging Strike
0-2: Ball
1-2: Strikes out swinging
Bottom of the 1st over - 0 runs, 0 hits, 0 errors, 0 left on base; Bowling Green 3 - Charleston 0
TOP OF THE 2ND
Bowling Green Hot Rods batting - Pitching for Charleston RiverDogs : RHP Luis Aceves
Batting: RHB Chris Glavin 0-0: Ball
1-0: Called Strike
1-1: SINGLE (Groundball, 34D, EV 97.5 MPH)
Batting: RHB Dusty Camelli 0-0: Ball
1-0: Ball
2-0: Ball
3-0: Base on Balls
Chris Glavin to second
Batting: LHB Dan Hunt 0-0: Fly out, F9 (Flyball, 9S, EV 93.8 MPH)
Batting: LHB Kevin Kantor 0-0: Ball
1-0: Ball
2-0: Foul Ball, location: 2F
2-1: Swinging Strike
2-2: Foul Ball, location: 2F
2-2: Strikes out swinging
Batting: LHB Austin Ohmer 0-0: Ball
1-0: Ball
2-0: Called Strike
2-1: Ball
3-1: Foul Ball, location: 2F
3-2: Ground out 6-3 (Groundball, 6, EV 80.6 MPH)
Top of the 2nd over - 0 runs, 1 hit, 0 errors, 2 left on base; Bowling Green 3 - Charleston 0
BOTTOM OF THE 2ND
Charleston RiverDogs batting - Pitching for Bowling Green Hot Rods : RHP Greg Spaulding
Batting: SHB David Bantista 0-0: Ball
1-0: Ball
2-0: Fly out, F9 (Flyball, 89D, EV 100.0 MPH)
Batting: LHB Justin Covington 0-0: Called Strike
0-1: SINGLE (Groundball, 4D, EV 106.9 MPH)
Batting: RHB John Rodd 0-0: Ball
1-0: Ball
2-0: Called Strike
2-1: Called Strike
Justin Covington is caught stealing 2nd base 2-4
2-2: Ball
3-2: Base on Balls
Batting: LHB Ryan Rodgers 0-0: Ground out U3 (Groundball, 3, EV 92.5 MPH)
Bottom of the 2nd over - 0 runs, 1 hit, 0 errors, 1 left on base; Bowling Green 3 - Charleston 0
TOP OF THE 3RD
Bowling Green Hot Rods batting - Pitching for Charleston RiverDogs : RHP Luis Aceves
Batting: RHB Steve French 0-0: Fly out, F8 (Line Drive, 8RM, EV 89.4 MPH)
Batting: RHB Wing-kit Bu 0-0: Called Strike
0-1: Foul Ball, location: 2F
0-2: Foul Ball, location: 2F
0-2: Strikes out swinging
Batting: RHB Kevin Benfield 0-0: Ball
1-0: Called Strike
1-1: Ball
2-1: Ball
3-1: Base on Balls
Batting: RHB Jonathan Fraire 0-0: Ball
1-0: Fielders Choice at 2nd, 5-4 (Groundball, 56, EV 86.9 MPH)
Top of the 3rd over - 0 runs, 0 hits, 0 errors, 1 left on base; Bowling Green 3 - Charleston 0
BOTTOM OF THE 3RD
Charleston RiverDogs batting - Pitching for Bowling Green Hot Rods : RHP Greg Spaulding
Batting: RHB Jose Garza 0-0: Ball
1-0: Ball
2-0: Ball
3-0: Called Strike
3-1: Called Strike
3-2: Ground out 4-3 (Groundball, 4S, EV 93.8 MPH)
Batting: RHB Devon Utley 0-0: Swinging Strike
0-1: Ball
1-1: Ball
2-1: Swinging Strike
2-2: Ball
3-2: Base on Balls
Batting: RHB Orlando Melchor 0-0: Ball
1-0: Ball
2-0: Called Strike
2-1: Ball
3-1: Base on Balls
Devon Utley to second
Batting: SHB Justin Toth 0-0: Ball
1-0: Called Strike
1-1: Foul Ball, location: 2F
1-2: Foul Ball, location: 2F
1-2: Ball
2-2: Ball
3-2: Base on Balls
Devon Utley to third
Orlando Melchor to second
Batting: RHB Andres Valles 0-0: Grounds into double play, 4-6-3 (Groundball, 34D, EV 99.4 MPH)
Bottom of the 3rd over - 0 runs, 0 hits, 0 errors, 2 left on base; Bowling Green 3 - Charleston 0
TOP OF THE 4TH
Bowling Green Hot Rods batting - Pitching for Charleston RiverDogs : RHP Luis Aceves
Batting: RHB Chris Glavin 0-0: Ball
1-0: Ball
2-0: Ball
3-0: Base on Balls
Batting: RHB Dusty Camelli 0-0: Called Strike
0-1: Swinging Strike
0-2: Strikes out swinging
Batting: LHB Dan Hunt 0-0: Ball
1-0: Foul Ball, location: 2F
1-1: Ball
2-1: Called Strike
2-2: SINGLE (Groundball, 34S, EV 95.0 MPH)
Chris Glavin to second
Runner from 2nd tries for 3rd, OUT! 9-5
Dan Hunt to second
Batting: LHB Kevin Kantor 0-0: Called Strike
0-1: Foul Ball, location: 2F
0-2: Ground out 4-3 (Groundball, 4, EV 102.5 MPH)
Top of the 4th over - 0 runs, 1 hit, 0 errors, 1 left on base; Bowling Green 3 - Charleston 0
BOTTOM OF THE 4TH
Charleston RiverDogs batting - Pitching for Bowling Green Hot Rods : RHP Greg Spaulding
Batting: SHB David Bantista 0-0: Ball
1-0: Ball
2-0: SINGLE (Groundball, 4MD, EV 100.6 MPH)
Batting: LHB Justin Covington 0-0: SINGLE (Line Drive, 9S, EV 103.1 MPH)
David Bantista to second
Batting: RHB John Rodd 0-0: Ball
1-0: Fly out, F7 (Line Drive, 7, EV 113.8 MPH)
Lined into DP, 7-4 (Line Drive, 7, EV 113.8 MPH)
Batting: LHB Ryan Rodgers 0-0: Foul Ball, location: 2F
0-1: Called Strike
0-2: Foul Ball, location: 2F
0-2: Foul Ball, location: 2F
0-2: Ball
Justin Covington steals 2nd base
1-2: Fly out, F5 (Popup, 5S, EV 66.3 MPH)
Bottom of the 4th over - 0 runs, 2 hits, 0 errors, 1 left on base; Bowling Green 3 - Charleston 0
TOP OF THE 5TH
Bowling Green Hot Rods batting - Pitching for Charleston RiverDogs : RHP Luis Aceves
Batting: LHB Austin Ohmer 0-0: Ball
1-0: Called Strike
1-1: Ball
2-1: Ball
3-1: Foul Ball, location: 2F
3-2: Foul Ball, location: 2F
3-2: Base on Balls
Batting: RHB Steve French 0-0: Ball
1-0: Foul Ball, location: 2F
1-1: Foul Ball, location: 2F
1-2: Foul Ball, location: 2F
1-2: Ball
2-2: Grounds into double play, 4-6-3 (Groundball, 4MD, EV 103.1 MPH)
Batting: RHB Wing-kit Bu 0-0: SINGLE (Groundball, 56S, EV 68.8 MPH) (infield hit)
Batting: RHB Kevin Benfield 0-0: Called Strike
Balk!
Wing-kit Bu to second
0-1: Ball
1-1: Ball
2-1: Called Strike
2-2: Ball
3-2: Foul Ball, location: 2F
3-2: Foul Ball, location: 2F
3-2: Foul Ball, location: 2F
3-2: Foul Ball, location: 2F
3-2: Foul Ball, location: 2F
3-2: SINGLE (Groundball, 56D, EV 105.6 MPH) (infield hit)
Wing-kit Bu to third
Pitching: RHP D.J. Barnes
Batting: RHB Jonathan Fraire 0-0: Ball
1-0: Ball
2-0: Ball
3-0: Base on Balls
Kevin Benfield to second
Batting: RHB Chris Glavin 0-0: Called Strike
0-1: Ground out 5-3 (Groundball, 5S, EV 80.0 MPH)
Top of the 5th over - 0 runs, 2 hits, 0 errors, 3 left on base; Bowling Green 3 - Charleston 0
BOTTOM OF THE 5TH
Charleston RiverDogs batting - Pitching for Bowling Green Hot Rods : RHP Greg Spaulding
Batting: RHB Jose Garza 0-0: Ball
1-0: Called Strike
1-1: Foul Ball, location: 2F
1-2: Ball
2-2: Ground out 5-3 (Groundball, 5S, EV 68.1 MPH)
Batting: RHB Devon Utley 0-0: Ball
1-0: Ball
2-0: Fly out, F9 (Flyball, 89S, EV 88.8 MPH)
Batting: RHB Orlando Melchor 0-0: Ground out 6-3 (Groundball, 56, EV 84.4 MPH)
Bottom of the 5th over - 0 runs, 0 hits, 0 errors, 0 left on base; Bowling Green 3 - Charleston 0
TOP OF THE 6TH
Bowling Green Hot Rods batting - Pitching for Charleston RiverDogs : RHP D.J. Barnes
Batting: RHB Dusty Camelli 0-0: Called Strike
0-1: Ball
1-1: Swinging Strike
1-2: Strikes out swinging
Batting: LHB Dan Hunt 0-0: Called Strike
0-1: Fly out, F8 (Flyball, 8LXD, EV 104.4 MPH)
Batting: LHB Kevin Kantor 0-0: Ground out 6-3 (Groundball, 6, EV 81.9 MPH)
Top of the 6th over - 0 runs, 0 hits, 0 errors, 0 left on base; Bowling Green 3 - Charleston 0
BOTTOM OF THE 6TH
Charleston RiverDogs batting - Pitching for Bowling Green Hot Rods : RHP Greg Spaulding
Batting: SHB Justin Toth 0-0: Fly out, F8 (Flyball, 8LM, EV 85.0 MPH)
Batting: RHB Andres Valles 0-0: Ball
1-0: Called Strike
1-1: Called Strike
1-2: Ball
2-2: Foul Ball, location: 2F
2-2: Strikes out looking
Batting: SHB David Bantista 0-0: Ball
1-0: Foul Ball, location: 2F
1-1: Swinging Strike
1-2: Strikes out swinging
Bottom of the 6th over - 0 runs, 0 hits, 0 errors, 0 left on base; Bowling Green 3 - Charleston 0
TOP OF THE 7TH
Bowling Green Hot Rods batting - Pitching for Charleston RiverDogs : RHP D.J. Barnes
Batting: LHB Austin Ohmer 0-0: SINGLE (Groundball, 4M, EV 84.4 MPH) (infield hit)
Batting: RHB Steve French 0-0: Ball
Austin Ohmer steals 2nd base
1-0: Called Strike
1-1: Foul Ball, location: 2F
1-2: Strikes out swinging, 2-3 out at first.
Batting: RHB Wing-kit Bu 0-0: Ball
1-0: Called Strike
1-1: Called Strike
1-2: Strikes out swinging
Batting: RHB Kevin Benfield 0-0: Ball
1-0: SINGLE (Flyball, 6D, EV 91.9 MPH)
Austin Ohmer to third
Runner from 3rd tries for Home, SAFE, throw by CF to home
Batting: RHB Jonathan Fraire 0-0: Ball
1-0: Called Strike
1-1: Ball
2-1: Called Strike
2-2: Foul Ball, location: 2F
2-2: Fielders Choice at 2nd, 6-4 (Groundball, 6, EV 81.9 MPH)
Top of the 7th over - 1 run, 2 hits, 0 errors, 1 left on base; Bowling Green 4 - Charleston 0
BOTTOM OF THE 7TH
Charleston RiverDogs batting - Pitching for Bowling Green Hot Rods : RHP Greg Spaulding
Batting: LHB Justin Covington 0-0: Ball
1-0: Called Strike
1-1: SOLO HOME RUN (Flyball, 9LD, EV 93.8 MPH), Distance : 348 ft
Batting: RHB John Rodd 0-0: Ball
1-0: SINGLE (Groundball, 6MS, EV 70.0 MPH) (infield hit)
Batting: LHB Ryan Rodgers 0-0: Sac Bunt to P - play at first, batter OUT! 1-3
John Rodd to second
Pinch Hitting: SHB Tony Pantaleon 0-0: Called Strike
0-1: Called Strike
0-2: Ball
1-2: Strikes out looking
Batting: RHB Devon Utley 0-0: Ball
1-0: Ball
2-0: Ball
3-0: Called Strike
3-1: Base on Balls
Batting: RHB Orlando Melchor 0-0: Ground out 5-3 (Groundball, 56S, EV 87.5 MPH)
Bottom of the 7th over - 1 run, 2 hits, 0 errors, 2 left on base; Bowling Green 4 - Charleston 1
TOP OF THE 8TH
Bowling Green Hot Rods batting - Pitching for Charleston RiverDogs : RHP D.J. Barnes
Pitching: RHP Jose Ricoy
Now at 2B: John Rodd
Now at 3B: Roberto Castaneda
Now at SS: David Bantista
Batting: RHB Chris Glavin 0-0: Called Strike
0-1: SINGLE (Groundball, 56S, EV 68.1 MPH) (infield hit)
Batting: RHB Dusty Camelli 0-0: Ball
1-0: Foul Ball, location: 2F
1-1: Fielders Choice at 2nd, 4-6 (Groundball, 34, EV 93.8 MPH)
Batting: LHB Dan Hunt 0-0: Ball
1-0: Ball
2-0: Called Strike
2-1: SINGLE (Groundball, 34D, EV 106.3 MPH)
Dusty Camelli to second
Runner from 2nd tries for 3rd, SAFE, throw by RF made to third
Dan Hunt to second
Batting: LHB Kevin Kantor 0-0: Ball
1-0: Ball
2-0: Foul Ball, location: 2F
2-1: SINGLE (Groundball, 34D, EV 101.3 MPH) (infield hit)
Dusty Camelli scores
Dan Hunt to third
Batting: LHB Austin Ohmer 0-0: Called Strike
0-1: Ball
1-1: Foul Ball, location: 2F
1-2: Foul Ball, location: 2F
1-2: Ball
2-2: TRIPLE (Flyball, 89XD, EV 99.4 MPH)
Dan Hunt scores
Kevin Kantor scores
Pitching: RHP Dan Osika
Batting: RHB Steve French 0-0: Called Strike
0-1: Called Strike
0-2: Ball
1-2: Ball
2-2: DOUBLE (Line Drive, 5D, EV 108.1 MPH)
Austin Ohmer scores
Batting: RHB Wing-kit Bu 0-0: DOUBLE (Line Drive, 89D, EV 104.4 MPH)
Steve French scores
Batting: RHB Kevin Benfield 0-0: Swinging Strike
0-1: Ground out 4-3 (Groundball, 4S, EV 71.9 MPH)
Wing-kit Bu to third
Batting: RHB Jonathan Fraire 0-0: Called Strike
0-1: Swinging Strike
0-2: Strikes out swinging
Top of the 8th over - 5 runs, 6 hits, 0 errors, 1 left on base; Bowling Green 9 - Charleston 1
BOTTOM OF THE 8TH
Charleston RiverDogs batting - Pitching for Bowling Green Hot Rods : RHP Greg Spaulding
Batting: SHB Justin Toth 0-0: Called Strike
0-1: Called Strike
0-2: Ball
1-2: Ball
2-2: Ball
3-2: Foul Ball, location: 2F
3-2: Fly out, F7 (Flyball, 7S, EV 95.6 MPH)
Pitching: RHP Kingo Tsutsumi
Batting: RHB Andres Valles 0-0: Called Strike
0-1: SINGLE (Groundball, 6D, EV 105.6 MPH)
Batting: SHB David Bantista 0-0: Called Strike
0-1: Ball
1-1: Ball
2-1: Foul Ball, location: 2F
2-2: Fly out, F8 (Line Drive, 8RM, EV 95.6 MPH)
Batting: LHB Justin Covington 0-0: Called Strike
0-1: Foul Ball, location: 2F
0-2: Ball
1-2: Ball
2-2: Foul Ball, location: 2F
2-2: Strikes out swinging
Bottom of the 8th over - 0 runs, 1 hit, 0 errors, 1 left on base; Bowling Green 9 - Charleston 1
TOP OF THE 9TH
Bowling Green Hot Rods batting - Pitching for Charleston RiverDogs : RHP Dan Osika
Batting: RHB Chris Glavin 0-0: Swinging Strike
0-1: Ball
1-1: Called Strike
1-2: Ball
2-2: Foul Ball, location: 2F
2-2: Ground out 6-3 (Groundball, 6, EV 100.6 MPH)
Batting: RHB Dusty Camelli 0-0: Foul Ball, location: 2F
0-1: Ball
1-1: Foul Ball, location: 2F
1-2: Foul Ball, location: 2F
1-2: Foul Ball, location: 2F
1-2: Ball
2-2: Strikes out swinging
Batting: LHB Dan Hunt 0-0: Foul Ball, location: 2F
0-1: Ground out 6-3 (Groundball, 6, EV 79.4 MPH)
Top of the 9th over - 0 runs, 0 hits, 0 errors, 0 left on base; Bowling Green 9 - Charleston 1
BOTTOM OF THE 9TH
Charleston RiverDogs batting - Pitching for Bowling Green Hot Rods : RHP Kingo Tsutsumi
Batting: RHB John Rodd 0-0: Called Strike
0-1: Called Strike
0-2: Ball
1-2: Foul Ball, location: 2F
1-2: Ground out 4-3 (Groundball, 4, EV 106.9 MPH)
Batting: LHB Ryan Rodgers 0-0: Swinging Strike
0-1: Swinging Strike
0-2: Ball
1-2: Ball
2-2: Reached on error, E4 (Groundball, 4, EV 83.1 MPH)
Batting: SHB Roberto Castaneda 0-0: Ball
1-0: Called Strike
1-1: Called Strike
1-2: Ball
2-2: Strikes out looking
Batting: RHB Devon Utley 0-0: Ball
1-0: DOUBLE (Groundball, 5L, EV 98.1 MPH)
Ryan Rodgers to third
Batting: RHB Orlando Melchor 0-0: Swinging Strike
0-1: Called Strike
0-2: Ball
1-2: Ball
2-2: Ball
Wild Pitch!
Ryan Rodgers scores
Devon Utley to third
3-2: Foul Ball, location: 2F
3-2: Base on Balls
Batting: SHB Justin Toth 0-0: Ball
1-0: Fielders Choice at 2nd, 6-4 (Groundball, 4M, EV 105.6 MPH)
Bottom of the 9th over - 1 run, 1 hit, 1 error, 2 left on base; Bowling Green 9 - Charleston 2
Tuesday, March 28th , 2023 - OOTP Baseball 23.10 Build 110